 Dungeon Crawl Stone Soup version 0.27-a0-249-g74f53ef629 (webtiles) character file.

Game seed: 779430259039402610

1570 dickylongcocking the Skirmisher (level 8, 0/78 HPs)
             Began as a Palentonga Fighter on Feb 3, 2021.
             Was a Believer of Okawaru.
             Slain by a killer bee (2 damage)
             ... on level 7 of the Dungeon.
             The game lasted 00:05:00 (6569 turns).

dickylongcocking the Skirmisher (PaFi)              Turns: 6569, Time: 00:05:01

Health: 0/78       AC: 15    Str: 20    XL:     8   Next: 59%
Magic:  8/8        EV:  7    Int:  9    God:    Okawaru [**....]
Gold:   344        SH:  0    Dex: 11    Spells: 7/7 levels left

rFire    . . .     SeeInvis +   k - -1 executioner's axe
rCold    . . .     Faith    .   (shield currently unavailable)
rNeg     . . .     Spirit   .   b - +1 scale mail
rPois    .         Reflect  .   (no helmet)
rElec    .         Harm     .   (no cloak)
rCorr    .         Rampage  .   A - +0 pair of gloves of Honesty {Will+}
Will     ++...                  (no barding)
Stlth    ..........             (no amulet)
HPRegen  0.23/turn              n - ring of willpower
MPRegen  0.11/turn              (no ring)

@: lethally poisoned (0 -> -29), hasted, curled up, very quick
A: large, rugged brown scales 3, see invisible, deformed body, roll 1, armoured
tail, reflexive curl
a: Rolling Charge, Renounce Religion, Heroism


You were on level 7 of the Dungeon.
You worshipped Okawaru.
Okawaru was pleased with you.
You visited 1 branch of the dungeon, and saw 7 of its levels.

You collected 409 gold pieces.
You spent 65 gold pieces at shops.

Inventory:

Hand Weapons
 a - a +0 war axe
 k - a -1 executioner's axe (weapon)
Armour
 b - a +1 scale mail (worn)
 c - a +0 kite shield
 A - the +0 pair of gloves of Honesty (worn) {Will+}
   (You found it on level 6 of the Dungeon)

   It affects your willpower, your defense against some magical effects.
Jewellery
 n - a ring of willpower (left hand)
 u - an uncursed ring of willpower
Wands
 y - a wand of digging (5)
Scrolls
 f - a scroll of remove curse
 g - a scroll of noise
 j - a scroll of teleportation
 l - 4 scrolls of identify
 p - 2 scrolls of enchant armour
 v - 3 scrolls of magic mapping
 B - a scroll of immolation
Potions
 d - 3 potions of brilliance
 i - 2 potions of attraction {unknown}
 m - 2 potions of lignification {unknown}
 o - a potion of degeneration {unknown}
 s - a potion of flight {unknown}
 x - a potion of cancellation {unknown}
 C - a potion of magic {unknown}


   Skills:
 + Level 7.4 Fighting
 * Level 7.2 Axes
 - Level 2.4 Armour
 - Level 4.7 Shields


You had 7 spell levels left.
You didn't know any spells.
Your spell library contained the following spells:

 Spells                   Type           Power        Failure   Level
 Freeze                   Ice            0%           75%         1
 Frozen Ramparts          Ice            0%           98%         3
 Ozocubu's Armour         Ice            0%           98%         3
 Hailstorm                Conj/Ice       0%           100%        4
 Summon Ice Beast         Ice/Summ       0%           100%        4


Dungeon Overview and Level Annotations

Branches:
Dungeon (7/15)             Temple (0/1) D:4

Altars:
Dithmenos
Okawaru
Qazlal
Uskayaw
Vehumet
Wu Jian

Shops:
D:6 :   D:7 *

Annotations:
D:3 2 transporters, lunkers's ghost, amateur DgAE
D:7 1 runed translucent door, Faydwarf's ghost, novice MiBe


Innate Abilities, Weirdness & Mutations

You are completely covered in rugged brown scales. (AC +3, +7% HP)
You have supernaturally acute eyesight. (SInv)
Armour fits poorly on your strangely shaped body.
You can roll at nearby foes to attack.
You have a long armoured tail.
You curl defensively after being hit.


Message History

The killer bee is heavily wounded.
* * * LOW HITPOINT WARNING * * *
You feel very sick. The killer bee stings you!
* * * LOW HITPOINT WARNING * * *
You are more poisoned.
The killer bee poisons you!
The killer bee stings you but does no damage. x2
It was a potion of haste.
You feel yourself speed up.
* * * LOW HITPOINT WARNING * * *
You feel very sick.
The killer bee stings you but does no damage.
The killer bee stings you.
* * * LOW HITPOINT WARNING * * *
* * * LOW HITPOINT WARNING * * *
You feel sick. The killer bee stings you.
* * * LOW HITPOINT WARNING * * *
* * * LOW HITPOINT WARNING * * *
You feel sick. The killer bee stings you.
You die...

*,*,***,,*,,,,,,...
*,......,..,,,,,,,*
********###....,..,,,,,****
*,,,,,,,,.....,,.*,***,*
*,******##...##.#*,* *,* *,*
##.....#.#*,* *,* * *,*
#........#*,* *,* *** *,*
*#.....####.# *,* ,,* **,**
*#@y[......# *,****
*,****,*,******##...######
*,,,,, ,,,,,,***,,,,,,,##..#
*,,***
,,,,,*,*,******,*#.†#######*,,*
,***,**,,,* *,,,*#.........,,,*
** *,****,* *,***##<#######**,*
****,* *,* *,* #.# *,* ,,,,,*
*,* *,* #.# *,* ****** *.##*,*
#†# *,*


You could see a killer bee.

Vanquished Creatures
  A sky beast (D:6)
  An ogre (D:6)
  A centaur (D:7)
  2 bullfrogs (D:6)
  A scorpion (D:4)
  4 killer bees (D:7)
  2 howler monkeys (D:7)
  A bullfrog zombie (D:5)
  An orc priest (D:3)
  5 hounds
  A jelly (D:5)
  2 bullfrog skeletons
  Jessica (D:2)
  Natasha (thrice) (D:4)
  2 iguanas
  2 worker ants
  3 orc wizards
  A statue (D:4)
  A killer bee zombie (D:6)
  A hound zombie (D:7)
  A worker ant zombie (D:7)
  4 gnolls (D:4)
  8 adders
  2 white imps
  An adder zombie (D:7)
  4 worms (D:2)
  A dart slug (D:1)
  4 leopard geckos
  18 orcs
  8 bats
  5 giant cockroaches
  8 goblins
  12 hobgoblins
  6 jackals
  2 quokkas
  3 ball pythons
  4 frilled lizards
  5 kobolds
  6 rats
138 creatures vanquished.

Vanquished Creatures (others)
  A killer bee (D:7)
1 creature vanquished.

Grand Total: 139 creatures vanquished

Notes
Turn   | Place    | Note
-------+----------+-------------------------------------------
     0 | D:1      | dickylongcocking the Palentonga Fighter began the quest for
                  | the Orb.
     0 | D:1      | Reached XP level 1. HP: 20/20 MP: 1/1
   200 | D:1      | Reached XP level 2. HP: 26/27 MP: 2/2
   792 | D:2      | Noticed Jessica
   795 | D:2      | Killed Jessica
   796 | D:2      | Reached XP level 3. HP: 35/35 MP: 3/3
  1054 | D:2      | Found an iron altar of Okawaru.
  1057 | D:2      | Reached XP level 4. HP: 40/42 MP: 4/4
  1071 | D:2      | Became a worshipper of Warmaster Okawaru
  1184 | D:2      | Found a stormy altar of Qazlal.
  1695 | D:2      | Found a shadowy altar of Dithmenos.
  1971 | D:3      | Reached XP level 5. HP: 47/49 MP: 5/5
  2445 | D:3      | Found a transporter.
  2449 | D:3      | Found a transporter.
  2449 | D:3      | Noticed lunkers's ghost (amateur DgAE)
  2861 | D:4      | Found a staircase to the Ecumenical Temple.
  2873 | D:4      | Reached XP level 6. HP: 52/58 MP: 6/6
  2874 | D:4      | Reached * piety under Okawaru
  2930 | D:4      | Found a hide-covered altar of Uskayaw.
  2930 | D:4      | Found an ornate altar of the Wu Jian Council.
  2933 | D:4      | Reached skill level 5 in Fighting
  3106 | D:4      | Noticed Natasha
  3113 | D:4      | Killed Natasha
  3211 | D:4      | Noticed Natasha
  3231 | D:4      | Killed Natasha
  3238 | D:4      | Reached skill level 5 in Axes
  3240 | D:4      | Gained mutation: You curl defensively after being hit.
                  | [Palentonga growth]
  3240 | D:4      | Reached XP level 7. HP: 23/65 MP: 7/7
  3457 | D:4      | Noticed Natasha
  3466 | D:4      | Killed Natasha
  3599 | D:4      | Found a radiant altar of Vehumet.
  3709 | D:5      | Entered Level 5 of the Dungeon
  4482 | D:6      | Found Olleats's Book Boutique.
  4486 | D:6      | Reached ** piety under Okawaru
  4683 | D:6      | Reached XP level 8. HP: 43/75 MP: 8/8
  5191 | D:6      | Got a pair of twisted gloves
  5196 | D:6      | Identified the cursed +0 pair of gloves of Honesty {Will+}
                  | (You found it on level 6 of the Dungeon)
  5566 | D:7      | Found a runed translucent door.
  5566 | D:7      | Noticed Faydwarf's ghost (novice MiBe)
  5878 | D:6      | HP: 3/78 [poisoned by a killer bee]
  5884 | D:6      | HP: 3/78 [poisoned by a killer bee]
  5892 | D:6      | HP: 2/78 [poisoned by a killer bee]
  6454 | D:7      | Found Wanoh's Lightly-Used Armoury.
  6482 | D:7      | Bought a -1 executioner's axe for 65 gold pieces
  6568 | D:7      | HP: 3/78 [killer bee (5)]
  6569 | D:7      | Slain by a killer bee

Illustrated notes

Levels and vault maps discovered:
D:1:      sevenhm_arrival_forest_fort_small_6, layout_basic
D:2:      layout_loops_ring, okawaru_altar_gauntlet_db, old_standard_altar,
          lemuel_coloured_pillars_altar, chequers_serial_rivers_small_3,
          minmay_small_reverse_x, uniq_jessica
D:3:      layout_loops_corners, gammafunk_ghost_arena, grunt_decor_clamped,
          minivault_23
D:4:      layout_rooms, vehumet_statue, gammafunk_temple_overflow_statue,
          temple_pool_b, minmay_ruptured, uniq_natasha
D:5:      layout_loops_ring
D:6:      layout_basic, serial_shops, shop, serial_corexii_hall,
          chequers_hall_statues_wall_a, corexii_hall_statues_u
D:7:      layout_loops_ring, ebering_ghost_inner_flame, minmay_shop_damaged

Skill      XL: |  1  2  3  4  5  6  7  8 |
---------------+-------------------------+-----
Axes           | 3 4 5 6 7 |  7.2
Fighting       | 4 5 6 7 |  7.4
Shields        | 3 4 |  4.7
Armour         | |  2.4

Action                   |  1- 3 |  4- 6 |  7- 9 || total
-------------------------+-------+-------+-------++-------
Melee: War axe           |    64 |   150 |   185 ||   399
       Tailslap          |     5 |    19 |    24 ||    48
       Executioner's axe |       |       |    14 ||    14
 Abil: Rolling Charge    |       |     8 |     7 ||    15
Evoke: Wand              |       |       |     3 ||     3
  Use: Potion            |     1 |     4 |     6 ||    11
       Scroll            |       |       |     9 ||     9
Armor: Scale mail        |    49 |    66 |    96 ||   211
Dodge: Dodged            |    21 |    39 |    61 ||   121
Block: Kite shield       |    39 |    98 |   124 ||   261

Table legend: (Time is in decaauts)
 A = Elapsed time spent in this place.
 B = Non-inter-level travel time spent in this place.
 C = Inter-level travel time spent in this place.
 D = Time resting spent in this place.
 E = Time spent auto-exploring this place.
 F = Levels seen in this place.
 G = Mean time per level.
                   A        B        C        D        E       F      G
               +--------+--------+--------+--------+--------+-----+--------+
         Total |   6762 |   6562 |    200 |    459 |   5073 |   7 |  966.0 |
       Dungeon |   6762 |   6562 |    200 |    459 |   5073 |   7 |  966.0 |
               +--------+--------+--------+--------+--------+-----+--------+

Top non-repeatable levels by time:
     D:6: 1707 daAuts
     D:2: 1098 daAuts
     D:4: 1004 daAuts
     D:3: 919 daAuts
     D:1: 811 daAuts
     D:5: 629 daAuts
     D:7: 591 daAuts
